 Dungeon Crawl Stone Soup version 0.22.1-2-g9c5b331383 (webtiles) character file.

1360 Jynx the Geomancer (level 8, -1/41 HPs)
             Began as a Gargoyle Earth Elementalist on Nov 13, 2018.
             Was a Follower of Ashenzari.
             Slain by an orc warrior
             ... wielding a +0 battleaxe
              (2 damage)
             ... on level 5 of the Dungeon.
             The game lasted 00:11:07 (5027 turns).

Jynx the Geomancer (Gargoyle Earth Elementalist)    Turns: 5027, Time: 00:11:08

Health: -1/41      AC:  9    Str: 13    XL:     8   Next: 64%
Magic:  15/15      EV: 12    Int: 17    God:    Ashenzari [*.....]
Gold:   214        SH:  0    Dex: 10    Spells: 6/17 levels left

rFire    . . .     SeeInvis .   m - +2 dagger (speed) (curse)
rCold    . . .     Gourm    .   (no shield)
rNeg     + . .     Faith    .   c - +2 robe (curse)
rPois    ∞         Spirit   .   (no helmet)
rElec    +         Reflect  .   (no cloak)
rCorr    .         Harm     .   (no gloves)
MR       .....                  (no boots)
Stlth    +++.......             (no amulet)
HPRegen  0.13/turn              r - ring of stealth
MPRegen  0.14/turn              (no ring)

@: no status effects
A: negative energy resistance 1, electricity resistance, unbreathing,
petrification resistance, rot immunity, AC +5
a: Curse Item, Scrying, Renounce Religion


You were on level 5 of the Dungeon.
You worshipped Ashenzari.
Ashenzari was aware of your devotion.
You were hungry.

You visited 2 branches of the dungeon, and saw 7 of its levels.
You also visited: Ossuary.

You collected 214 gold pieces.

Inventory:

Hand Weapons
 m - a cursed +2 dagger of speed (weapon)
Armour
 c - a cursed +2 robe (worn)
Jewellery
 r - a ring of stealth (left hand)
Wands
 g - a wand of enslavement (13)
 k - a wand of paralysis (9)
Scrolls
 f - 4 scrolls of enchant weapon
 h - 2 scrolls of magic mapping
 l - a scroll of random uselessness {unknown}
 o - 3 scrolls of immolation {unknown}
 q - a scroll of fear {unknown}
 s - a scroll of amnesia {unknown}
 t - a scroll of noise {unknown}
 u - a scroll of enchant armour
 v - 2 scrolls of teleportation
Potions
 a - 2 potions of curing
 e - a potion of haste
 i - a potion of agility
 j - 2 potions of ambrosia
 n - a potion of heal wounds
 p - a potion of invisibility {unknown}
Comestibles
 d - 11 rations


   Skills:
 + Level 4.2 Short Blades
 + Level 1.6 Dodging
 - Level 2.1 Stealth
 + Level 5.1 Spellcasting
 - Level 0.7 Transmutations
 - Level 9.5 Earth Magic


You had 6 spell levels left.
You knew the following spells:

 Your Spells              Type           Power        Failure   Level  Hunger
a - Sandblast             Erth           #####.       1%          1    None
b - Passwall              Tmut/Erth      ###.....     2%          2    #......
c - Stone Arrow           Conj/Erth      ###...       6%          3    ###....
d - Petrify               Tmut/Erth      ###.....     17%         4    ####...
e - Confusing Touch       Hex            #.....       14%         1    None

Your spell library contained the following spells:

 Spells                   Type           Power        Failure   Level  Hunger
 Lee's Rapid Deconstruct  Erth           #####.....   8%          5    ######.
 Animate Skeleton         Necr           N/A          14%         1    None
 Apportation              Tloc           #.....       14%         1    None
 Summon Small Mammal      Summ           #...         14%         1    None


Dungeon Overview and Level Annotations

Branches:
Dungeon (6/15)             Temple (1/1) D:4

Altars:
Ashenzari
Dithmenos
Elyvilon
Kikubaaqudgha
Nemelex Xobeh
Okawaru
Qazlal
Ru
Sif Muna
Yredelemnul
Zin
The Shining One

Shops:
D:5 !   D:6 %

Annotations:
D:6 Grinder


Innate Abilities, Weirdness & Mutations

You are resistant to torment.
Your stone body is resilient. (AC +5)
You are immune to poison.
You resist negative energy. (rN+)
You are resistant to electric shocks. (rElec)
You can survive without breathing.
You are immune to petrification.
You are immune to rotting.


Message History

The orc priest shouts!
You hear a loud, deep croak!
The orc warrior hits you with a battleaxe!
The kobold shouts!
You hear a shout!
You can move again.
The orc warrior hits you with a battleaxe!!
* * * LOW HITPOINT WARNING * * *
You climb upwards.
There is a stone staircase leading down here.
You hit the orc warrior but do no damage.
You hit the orc warrior but do no damage.
The orc warrior hits you with a battleaxe!
* * * LOW HITPOINT WARNING * * *
You barely miss the orc warrior.
You hit the orc warrior but do no damage.
You barely miss the orc warrior. The orc warrior closely misses you.
You closely miss the orc warrior.
You hit the orc warrior but do no damage.
You closely miss the orc warrior.
The orc warrior hits you with a battleaxe.
You die...

######.##
###########.#.##.#
#.......# #.......#
#..#...# ###..###..#
#.......# #.#.##.#
..#..##...###.......#
#......#
........#...........#
#....#.#
..#.......###.......#
#....#.#
###......#.##.......#
#......#
#.......###.......#
###.####
##.#....##...o@..## #.#
#.#.##.##.#####.######.#
#......##.##...........#
###.......##.##.########
#..####.......#
#..####.......#
######.....#.##.##.#
........##......##.#
######..####.#####.#


You could see an orc warrior.

Vanquished Creatures
  3 ice beasts
  2 sky beasts (D:5)
  An ogre (D:4)
  A centaur (D:3)
  2 elf zombies (Ossuary)
  A crimson imp (D:5)
  A quasit (D:5)
  A human zombie (Ossuary)
  2 jellies
  2 hounds (D:4)
  2 orc wizards (D:4)
  2 iguanas (D:5)
  3 worker ants (D:5)
  A big kobold zombie (Ossuary)
  2 mummies (Ossuary)
  4 adders
  3 adder zombies (Ossuary)
  A worm (D:2)
  A dart slug (D:2)
  6 leopard geckos
  16 orcs
  A ball python (D:3)
  8 giant cockroaches
  6 goblins
  6 hobgoblins
  4 jackals (D:4)
  5 kobolds
  A quokka (D:4)
  4 bats
  4 frilled lizards
  A goblin zombie (D:4)
  12 hobgoblin zombies (Ossuary)
  A jackal zombie (Ossuary)
  10 kobold zombies (Ossuary)
  7 orc zombies (Ossuary)
  A quokka zombie (D:4)
  7 rats
135 creatures vanquished.

Notes
Turn   | Place    | Note
-------+----------+-------------------------------------------
     0 | D:1      | Jynx the Gargoyle Earth Elementalist began the quest for
                  | the Orb.
     0 | D:1      | Reached XP level 1. HP: 10/10 MP: 3/3
   408 | D:1      | Reached skill level 4 in Earth Magic
   408 | D:1      | Reached XP level 2. HP: 15/15 MP: 0/5
  1010 | D:2      | Found a shadowy altar of Dithmenos.
  1113 | D:2      | Reached XP level 3. HP: 19/19 MP: 2/6
  1500 | D:2      | Reached skill level 5 in Earth Magic
  1500 | D:2      | Reached XP level 4. HP: 24/24 MP: 4/8
  1779 | D:3      | Noticed a centaur
  1785 | D:3      | HP: 1/24 [centaur/arrow (3)]
  1787 | D:3      | Killed a centaur
  1787 | D:3      | Reached skill level 1 in Short Blades
  1787 | D:3      | Reached XP level 5. HP: 1/28 MP: 4/9
  2080 | D:3      | Learned a level 2 spell: Passwall
  2084 | D:3      | Learned a level 3 spell: Stone Arrow
  2264 | D:3      | Reached skill level 6 in Earth Magic
  2737 | D:4      | Found a staircase to the Ecumenical Temple.
  2751 | Temple   | Entered the Ecumenical Temple
  2768 | Temple   | Became a worshipper of Ashenzari the Shackled
  2802 | D:4      | Noticed an ogre
  2806 | D:4      | Found a sand-covered staircase.
  2822 | D:4      | Reached XP level 6. HP: 32/32 MP: 11/11
  2848 | Ossuary  | Entered an ossuary
  3163 | Ossuary  | Reached skill level 7 in Earth Magic
  3183 | Ossuary  | Reached XP level 7. HP: 19/36 MP: 1/12
  3410 | Ossuary  | Learned a level 4 spell: Petrify
  3677 | D:4      | Found a sacrificial altar of Ru.
  3706 | D:4      | Reached skill level 8 in Earth Magic
  4052 | D:5      | Entered Level 5 of the Dungeon
  4052 | D:5      | Reached * piety under Ashenzari
  4130 | D:5      | Reached XP level 8. HP: 41/41 MP: 9/14
  4131 | D:5      | Found Qiry Yta's Distillery.
  4312 | D:5      | Reached skill level 9 in Earth Magic
  4347 | D:5      | Reached skill level 5 in Spellcasting
  4599 | D:5      | Found a white marble altar of Elyvilon.
  4986 | D:6      | Noticed Grinder
  5003 | D:5      | Learned a level 1 spell: Confusing Touch
  5007 | D:6      | Found Wachaliu's Food Shoppe.
  5013 | D:6      | Paralysed by Grinder for 5 turns
  5021 | D:5      | HP: 1/41 [orc warrior/battleaxe (7)]
  5027 | D:5      | Slain by an orc warrior

Skill      XL: |  1  2  3  4  5  6  7  8 |
---------------+-------------------------+-----
Earth Magic    | 4 5 6 7 8 9 |  9.5
Short Blades   | 1 2 3 4 |  4.2
Spellcasting   | 3 4 5 |  5.1
Dodging        | |  1.6
Stealth        | |  2.1
Transmutations | |  0.7

Action                   |  1- 3 |  4- 6 |  7- 9 || total
-------------------------+-------+-------+-------++-------
Melee: Unarmed           |    12 |       |       ||    12
       Dagger            |     5 |   241 |   163 ||   409
 Cast: Sandblast         |    40 |    28 |    45 ||   113
       Confusing Touch   |       |       |     1 ||     1
Invok: Curse Item        |       |     2 |       ||     2
  Use: Scroll            |     2 |     8 |     3 ||    13
       Potion            |       |     2 |       ||     2
 Stab: Sleeping          |     2 |     2 |     4 ||     8
  Eat: Chunk             |     2 |     5 |     6 ||    13
Armor: Robe              |     8 |    37 |    32 ||    77
       Skin              |       |    68 |       ||    68
Dodge: Dodged            |    20 |    98 |    54 ||   172
